 Dungeon Crawl Stone Soup version 0.28.0-53-g5a82cb258f (webtiles) character file.

Game seed: 13269791052451753391

119376 cbfl8 the Executioner (level 16, 0/235 HPs)
             Began as a Minotaur Berserker on Aug 8, 2022.
             Was the Champion of Trog.
             Slain by a hog (13 damage)
             ... led by Kirke
             ... on level 1 of the Spider Nest on Aug 9, 2022.
             The game lasted 01:04:22 (38171 turns).

cbfl8 the Executioner (Minotaur Berserker)         Turns: 38171, Time: 01:04:24

Health: 0/235      AC:  0    Str: 28    XL:     16   Next: 27%
Magic:  15/15      EV: 16    Int:  4    God:    Trog [******]
Gold:   2644       SH:  0    Dex: 16    Spells: 15/15 levels left

rFire   . . .      SeeInvis .   (weapon currently unavailable)
rCold   . . .      Faith    +   (shield currently unavailable)
rNeg    . . .      Spirit   .   (armour currently unavailable)
rPois   +          Reflect  .   (helmet currently unavailable)
rElec   +          Harm     .   (cloak currently unavailable)
rCorr   .          Rampage  .   (gloves currently unavailable)
Will    +....                   (boots currently unavailable)
Stlth   ..........              W - amulet of Jasanid {Faith Drain rElec rPois Str+4}
HPRegen 0.49/turn               (ring currently unavailable)
MPRegen 0.14/turn               (ring currently unavailable)

@: berserking, lethally poisoned (0 -> -13), pig-form, very quick
A: fast, no casting, small, (horns 2), (retaliatory headbutt)
a: Renounce Religion, Berserk, Trog's Hand, Brothers in Arms


You were on level 1 of the Spider Nest.
You worshipped Trog.
Trog was exalted by your worship.
You were a filthy swine.
You visited 4 branches of the dungeon, and saw 24 of its levels.
You also visited: Ossuary, Gauntlet and Ice Cave.

You collected 2844 gold pieces.
You spent 200 gold pieces at shops.

Inventory:

Hand Weapons
 q - the +13 executioner's axe "Tuaxeref" (melded) {vorpal, rPois rN+}
   (Trog gifted it to you on level 6 of the Lair of Beasts)

   It inflicts extra damage upon your enemies.
   rPois:     It protects you from poison.
   rN:        It protects you from negative energy.
Missiles
 b - 3 throwing nets
Armour
 t - a scarf of repulsion (melded)
 w - a +0 pair of boots of stealth (melded)
 y - a +1 pair of gloves (melded)
 C - a +0 plate armour (melded)
Jewellery
 f - a ring of poison resistance
 h - a ring of flight (melded)
 v - a +6 ring of dexterity (melded)
 M - an amulet of regeneration
 N - a ring of protection from fire
 R - a +6 ring of strength
 W - the amulet of Jasanid (around neck) {Faith Drain rElec rPois Str+4}
   (You found it in a Gauntlet)

   [amulet of faith]

   It allows you to gain divine favour quickly.
   Str:       It affects your strength (+4).
   rElec:     It insulates you from electricity.
   rPois:     It protects you from poison.
   Drain:     It drains your maximum health when unequipped.
 Z - a +4 ring of evasion
Wands
 n - a wand of iceblast (18) (quivered)
 p - a wand of digging (11)
 z - a wand of paralysis (4)
 E - a wand of acid (4)
 L - a wand of mindburst (20)
 U - a wand of flame (15)
Scrolls
 d - 4 scrolls of summoning
 j - a scroll of acquirement
 k - 3 scrolls of enchant weapon
 l - 3 scrolls of silence
 r - 3 scrolls of brand weapon
 x - a scroll of fear
 A - 9 scrolls of enchant armour
 D - 2 scrolls of blinking
 G - a scroll of magic mapping
 K - 2 scrolls of holy word
 Q - a scroll of immolation
 S - 4 scrolls of fog
 X - 9 scrolls of teleportation
Potions
 a - 8 potions of ambrosia
 c - a potion of magic {unknown}
 g - 6 potions of curing
 i - 2 potions of resistance
 m - 3 potions of invisibility
 u - 6 potions of mutation
 B - 3 potions of haste
 F - 3 potions of might
 H - a potion of degeneration {unknown}
 I - a potion of berserk rage {unknown}
 J - 4 potions of lignification
Miscellaneous
 e - a box of beasts
 o - a piece from Xom's chessboard (15/15)
 s - a condenser vane
 O - a phantom mirror
 P - a piece from Xom's chessboard (15/15)
 V - a lightning rod (4/4)


   Skills:
 + Level 18.0 Fighting
 + Level 24.0 Axes
 + Level 0.8 Throwing
 + Level 17.3 Armour
 + Level 4.1 Dodging
 + Level 2.6 Stealth
 + Level 1.4 Evocations


You had 15 spell levels left.
You didn't know any spells.
Your spell library was empty.

Dungeon Overview and Level Annotations

Branches:
Dungeon (15/15)            Temple (0/1) D:6            Lair (6/6) D:11
 Shoals (0/4) Lair:4       Spider (1/4) Lair:3        Slime (0/5) Lair:6
    Orc (2/2) D:11            Elf (0/3) Orc:2        Vaults (0/5) D:13
 Depths (0/4) D:15        Ossuary (visited)           IceCv (visited)
Gauntlet (visited)

Altars:
Cheibriados
Dithmenos
Nemelex Xobeh
Okawaru
Qazlal
Ru
Trog
Uskayaw
Vehumet
The Shining One
Jiyva

Shops:
D:1 !([   Orc:2 ?[(

Portals:
Trove: D:12 (give 8 scrolls of fear)

Annotations:
D:3 1 transporter
Spider:1 Kirke


Innate Abilities, Weirdness & Mutations

You are a filthy swine.
You move quickly.
Your equipment is almost entirely melded.
You are incapable of wielding weapons or throwing items.
You cannot cast spells.
((You have a pair of horns on your head.))
((You reflexively headbutt those who attack you in melee.))


Message History

Unknown command.
Unknown command.
You hit Kirke but do no damage.
Kirke is moderately wounded.
The hog misses you.
The meliai calls down the wrath of its god upon you.
Something smites you! The hog barely misses you. The steelbarb worm misses you.
Unknown command.
You closely miss Kirke.
Kirke is moderately wounded.
The meliai hits you with a +0 hand axe! The meliai stings you!
You are poisoned.
The meliai poisons you! The meliai hits you with a +0 war axe!
The meliai closely misses you. Kirke completely misses you. The hog bites you!
The hog barely misses you.
You are too injured to fight recklessly!
A red film seems to cover your vision as you go berserk!
You feel yourself moving faster!
You feel mighty!
You feel very sick. The meliai hits you with a +0 hand axe!
The meliai misses you. The meliai barely misses you. The meliai stings you.
The moth of wrath goads the hog on!
The hog goes berserk!
The steelbarb worm barely misses you. The meliai closely misses you. x2
The hog bites you. The meliai hits you with a +0 war axe!!
The meliai completely misses you. Kirke hits you!!
* * * LOW HITPOINT WARNING * * *
The meliai invokes the aid of its god against you.
Something smites you!
* * * LOW HITPOINT WARNING * * *
The hog bites you.
* * * LOW HITPOINT WARNING * * *
The steelbarb worm completely misses you.
You barely miss the steelbarb worm.
The steelbarb worm is moderately wounded.
You feel sick. The meliai hits you with a +0 hand axe!
* * * LOW HITPOINT WARNING * * *
The meliai completely misses you. The meliai hits you with a +0 war axe!
* * * LOW HITPOINT WARNING * * *
The meliai barely misses you. The hog bites you!
You die...

.....##.##
#.###.##..###.....
......###.##.##.###†##
^.. #.....##
#...#.###.## . #.##...#
#....##..# #.######
#..##...## #.#
##..###.## #.##
#...##..#### ...###
#^..#...h..#...
.....#####...#.yh@.y....
...##..##......ywh......
#######.........y.......
###....#..........
.####........... ^.
###......... ..#
##....###. #.# #...## ##


You could see Kirke, a steelbarb worm, a moth of wrath, 2 hogs and 3 meliai.

Vanquished Creatures
  The ghost of Godmorgon the Warrior, an adept MiFi of the Shining One (D:12)
  A reaper (IceCv)
  Nessos (D:14)
  The ghost of Nyzic the Grappler, a journeyman TrMo (Lair:4)
  A minotaur (Gauntlet)
  Snorg (D:11)
  A merfolk javelineer (Orc:2)
  A fire dragon (Lair:6)
  A great orb of eyes (shapeshifter) (D:15)
  7 hydras
  2 ogre magi (D:15)
  2 catoblepae
  Erolcha (D:14)
  A boulder beetle (D:13)
  9 centaur warriors
  A ghost crab (Gauntlet)
  14 two-headed ogres
  3 tengu warriors
  The ghost of selky the Severer, a novice DDFi of Makhleb (Orc:2)
  7 death yaks
  3 orc high priests (Orc:2)
  Urug (Orc:2)
  2 skeletal warriors
  5 slime creatures
  A sixfirhy (Gauntlet)
  A shadow wraith (D:13)
  A deep elf archer (Orc:2)
  A glowing orange brain (D:15)
  7 orc knights
  2 lindwurms (Lair:6)
  A deep elf pyromancer (D:14)
  5 cyclopes
  A manticore (D:15)
  9 ugly things
  4 orc sorcerers (Orc:2)
  A necromancer (D:12)
  5 elephants (Lair:5)
  8 centaur zombies
  2 merfolk sirens (Lair:4)
  A guardian serpent (shapeshifter) (D:15)
  6 black mambas
  A torpor snail (Lair:6)
  An ice statue (IceCv)
  2 gargoyles (Gauntlet)
  2 molten gargoyles (Lair:6)
  9 centaur skeletons (D:12)
  19 cane toads
  A freezing wraith (D:11)
  10 komodo dragons
  8 rime drakes
  An unseen horror (D:12)
  A yaktaur (shapeshifter) (D:13)
  An anaconda simulacrum (IceCv)
  2 merfolk (Lair:4)
  A queen bee (Lair:2)
  5 meliai
  6 polar bears
  10 trolls
  2 tarantellas (Spider:1)
  Grinder (D:6)
  22 blink frogs
  2 jumping spiders (Lair:3)
  5 dream sheep (Lair:6)
  A culicivora (Spider:1)
  4 flying skulls (D:12)
  3 wraiths
  9 shadows
  A dire elephant simulacrum (IceCv)
  A spriggan (shapeshifter) (D:13)
  65 yaks
  5 wyverns
  4 hogs (Spider:1)
  8 basilisks
  2 redbacks (Spider:1)
  2 steam dragons
  4 vampire mosquitoes
  2 death yak simulacra
  14 two-headed ogre zombies (D:14)
  4 wargs
  A harpy simulacrum (IceCv)
  2 acid dragons
  4 hell hounds (Lair:6)
  12 water moccasins
  20 orc warriors
  5 ice beasts
  3 black mamba simulacra (Lair:4)
  A black bear (D:6)
  5 boggarts (D:15)
  19 centaurs
  A wolf (D:10)
  8 ogres
  4 kobold brigands
  4 scorpions
  14 bullfrogs
  A gnoll sergeant (D:11)
  5 cane toad simulacra (IceCv)
  7 two-headed ogre simulacra (IceCv)
  A wyvern skeleton (D:7)
  The ghost of oldsm66 the Chopper, a weakling HOBe of Trog (D:3)
  32 killer bees
  A blink frog simulacrum (Lair:4)
  4 elephant simulacra
  5 wights (D:12)
  2 howler monkeys (D:14)
  4 jellies
  5 lava snakes (Lair:6)
  4 quasits (D:3)
  A komodo dragon simulacrum (Lair:4)
  22 orc priests
  5 hounds
  A gnoll shaman (D:5)
  A bullfrog skeleton (D:6)
  An iguana (D:7)
  A scorpion zombie (D:4)
  Terence (D:2)
  19 orc wizards
  4 polar bear simulacra
  4 troll simulacra (IceCv)
  A killer bee zombie (D:9)
  3 spriggan simulacra (IceCv)
  3 wolf simulacra
  An ogre zombie (D:14)
  3 centaur simulacra (D:10)
  9 mummies
  8 gnolls
  2 howler monkey zombies
  10 adders
  5 naga simulacra (IceCv)
  8 white imps
  A howler monkey simulacrum (D:10)
  14 ufetubi
  An adder skeleton (D:4)
  2 worms
  A dart slug (D:4)
  105 orcs
  6 ball pythons
  2 endoplasms
  3 giant cockroaches
  8 goblins
  3 hobgoblins (D:2)
  7 jackals
  12 kobolds
  4 quokkas
  5 bats
  4 frilled lizards
  5 hobgoblin zombies (Ossuary)
  A kobold zombie (Ossuary)
  2 orc zombies (Ossuary)
  A quokka skeleton (D:4)
  3 rats
  A fungus (Lair:6)
844 creatures vanquished.

Vanquished Creatures (others)
  A two-headed ogre zombie (D:14)
  An orc warrior (Orc:2)
  An orc wizard (Orc:2)
  32 fungi
  17 plants
52 creatures vanquished.

Grand Total: 896 creatures vanquished

Notes
Turn   | Place    | Note
-------+----------+-------------------------------------------
     0 | D:1      | cbfl8 the Minotaur Berserker began the quest for the Orb.
     0 | D:1      | Reached XP level 1. HP: 19/19 MP: 0/0
    61 | D:1      | Found Zuqorose's Distillery.
   269 | D:1      | Reached XP level 2. HP: 19/27 MP: 1/1
   517 | D:1      | Found Movidd's Antique Weapon Shoppe.
   719 | D:1      | Found Quicsodu's Antique Armour Boutique.
   730 | D:1      | Found a faded altar of an unknown god.
  1045 | D:2      | Reached skill level 4 in Axes
  1104 | D:2      | Reached XP level 3. HP: 24/34 MP: 2/2
  1302 | D:2      | Found a shadowy altar of Dithmenos.
  1342 | D:2      | Noticed Terence
  1350 | D:2      | Killed Terence
  1351 | D:2      | Reached XP level 4. HP: 41/41 MP: 3/3
  1755 | D:3      | Found a transporter.
  1755 | D:3      | Noticed oldsm66's ghost (weakling HOBe)
  1783 | D:3      | Reached skill level 5 in Axes
  1789 | D:3      | Reached XP level 5. HP: 47/47 MP: 4/4
  1818 | D:3      | Reached skill level 5 in Fighting
  2067 | D:3      | Found a transporter.
  2365 | D:3      | Reached ** piety under Trog
  2638 | D:3      | Reached skill level 6 in Axes
  2655 | D:3      | Found a hide-covered altar of Uskayaw.
  2825 | D:3      | Killed oldsm66's ghost
  2826 | D:3      | Reached XP level 6. HP: 56/56 MP: 5/5
  3068 | D:4      | Reached skill level 7 in Axes
  3250 | D:4      | Reached XP level 7. HP: 61/61 MP: 6/6
  4070 | D:5      | Entered Level 5 of the Dungeon
  4143 | D:5      | Found a snail-covered altar of Cheibriados.
  4178 | D:5      | Reached skill level 8 in Axes
  4461 | D:5      | Reached *** piety under Trog
  4663 | D:5      | Found a sacrificial altar of Ru.
  4819 | D:5      | Reached skill level 5 in Armour
  5203 | D:5      | Found a bloodstained altar of Trog.
  5503 | D:6      | Noticed a yak
  5503 | D:6      | Noticed a yak
  5503 | D:6      | Noticed a yak
  5515 | D:5      | Killed a yak
  5516 | D:5      | Reached skill level 9 in Axes
  5516 | D:5      | Reached skill level 1 in Stealth
  5516 | D:5      | Reached XP level 8. HP: 71/71 MP: 7/7
  5970 | D:6      | Reached skill level 10 in Axes
  6158 | D:6      | Found a staircase to the Ecumenical Temple.
  6258 | D:6      | Noticed a komodo dragon
  6266 | D:6      | Killed a komodo dragon
  6267 | D:6      | Reached skill level 11 in Axes
  6267 | D:6      | Reached XP level 9. HP: 79/79 MP: 8/8
  6352 | D:6      | Noticed Grinder
  6368 | D:6      | Killed Grinder
  6710 | D:6      | Reached skill level 12 in Axes
  7202 | D:7      | Reached **** piety under Trog
  7276 | D:7      | Found a sand-covered staircase.
  7282 | Ossuary  | Entered an ossuary
  7888 | D:7      | Found a stormy altar of Qazlal.
  7958 | D:7      | Reached XP level 10. HP: 68/90 MP: 9/9
  8723 | D:8      | Reached skill level 13 in Axes
  9690 | D:8      | Noticed a two-headed ogre
  9696 | D:8      | Killed a two-headed ogre
 10626 | D:9      | Found a radiant altar of Vehumet.
 10790 | D:10     | Entered Level 10 of the Dungeon
 10835 | D:10     | Reached skill level 14 in Axes
 10835 | D:10     | Reached skill level 10 in Armour
 11235 | D:10     | Reached ***** piety under Trog
 11335 | D:10     | Reached skill level 10 in Fighting
 12046 | D:10     | Reached XP level 11. HP: 80/100 MP: 10/10
 12599 | D:11     | Noticed a death yak
 12613 | D:10     | Killed a death yak
 12661 | D:11     | Noticed a death yak
 12674 | D:11     | Noticed a death yak
 12749 | D:11     | Noticed a centaur warrior
 12764 | D:11     | Killed a centaur warrior
 12765 | D:11     | Reached skill level 15 in Axes
 13040 | D:11     | Found a staircase to the Orcish Mines.
 13051 | D:11     | Received a gift from Trog
 13621 | D:11     | Noticed a two-headed ogre
 13627 | D:11     | Killed a two-headed ogre
 14144 | D:11     | Found a staircase to the Lair.
 14145 | D:11     | Noticed a death yak
 14145 | D:11     | Noticed a death yak
 14147 | D:11     | Noticed a death yak
 14166 | D:11     | Killed a death yak
 14172 | D:11     | Killed a death yak
 14173 | D:11     | Reached skill level 16 in Axes
 14645 | D:11     | Killed a death yak
 14646 | D:11     | Reached XP level 12. HP: 75/112 MP: 11/11
 14817 | D:10     | Killed a death yak
 14829 | D:11     | Killed a death yak
 14869 | D:11     | Noticed Snorg
 14881 | D:11     | Killed Snorg
 15576 | D:12     | Found a runed translucent door.
 15576 | D:12     | Noticed a two-headed ogre
 15578 | D:12     | Noticed Godmorgon's ghost (adept MiFi)
 15581 | D:12     | Killed a two-headed ogre
 15815 | D:12     | Found a portal to a secret trove of treasure.
 16000 | D:12     | Reached skill level 17 in Axes
 16608 | D:12     | Identified the +11 executioner's axe of the Wraith {vorpal,
                  | Dex+4} (Trog gifted it to you on level 12 of the Dungeon)
 16608 | D:12     | Received a gift from Trog
 16800 | D:12     | Reached skill level 18 in Axes
 16829 | D:12     | Noticed a four-headed hydra
 16836 | D:12     | Killed a seven-headed hydra
 16969 | D:12     | Found a glowing golden altar of the Shining One.
 17201 | D:12     | Reached XP level 13. HP: 122/122 MP: 12/12
 17385 | D:12     | Killed Godmorgon's ghost
 17390 | D:12     | Identified the +0 helmet "Birriec" {+Inv Dex+2}
 18813 | D:13     | Found a gate to the Vaults.
 19936 | D:14     | Reached skill level 19 in Axes
 20039 | D:14     | HP: 9/186 [poisoned by a meliai]
 20041 | D:14     | HP: 2/124 [poisoned by a meliai]
 20570 | D:14     | Noticed Nessos
 20582 | D:14     | Killed Nessos
 21076 | D:14     | Noticed Erolcha
 21089 | D:14     | Reached skill level 15 in Armour
 21321 | D:14     | Killed Erolcha
 22046 | D:15     | Entered Level 15 of the Dungeon
 22132 | D:15     | Reached XP level 14. HP: 59/133 MP: 13/13
 22630 | D:15     | Reached skill level 15 in Fighting
 22636 | D:15     | Reached skill level 20 in Axes
 23471 | D:15     | Found a sparkling altar of Nemelex Xobeh.
 24688 | D:15     | Found a staircase to the Depths.
 24858 | Lair:1   | Entered Level 1 of the Lair of Beasts
 24907 | Lair:1   | Reached skill level 21 in Axes
 25869 | Lair:2   | Found a gate leading to a gauntlet.
 25881 | Lair:2   | Identified the +6 battleaxe "Wuar" {flame, Str+2} (Trog
                  | gifted it to you on level 2 of the Lair of Beasts)
 25881 | Lair:2   | Received a gift from Trog
 26001 | Gauntlet | Entered a Gauntlet
 26001 | Gauntlet | Found a transporter.
 26010 | Gauntlet | Found a transporter.
 26010 | Gauntlet | Found a transporter.
 26018 | Gauntlet | Found a runed translucent gate.
 26018 | Gauntlet | Found a runed translucent gate.
 26018 | Gauntlet | Found a runed translucent gate.
 26021 | Gauntlet | Found a transporter.
 26024 | Gauntlet | Found a transporter.
 26038 | Gauntlet | Found a transporter.
 26055 | Gauntlet | Found a transporter.
 26066 | Gauntlet | Found a transporter.
 26077 | Gauntlet | Found a transporter.
 26078 | Gauntlet | Found a runed translucent door.
 26092 | Gauntlet | Found a runed translucent door.
 26096 | Gauntlet | Found a transporter.
 26110 | Gauntlet | Found a transporter.
 26110 | Gauntlet | Found a transporter.
 26159 | Gauntlet | Found a transporter.
 26173 | Gauntlet | Found a transporter.
 26741 | Gauntlet | Identified the amulet of Jasanid {Faith Drain rElec rPois
                  | Str+4}
 26791 | Gauntlet | Identified the +3 eveningstar "Pojeofet" {freeze, rC+ Str-4
                  | Int+3 Dex+4}
 26826 | Gauntlet | Identified the +1 robe of Analysis {Dex+2}
 27219 | Lair:2   | Reached XP level 15. HP: 132/144 MP: 14/14
 27552 | Lair:3   | Found a hole to the Spider Nest.
 27563 | Lair:3   | Reached skill level 22 in Axes
 28927 | Lair:4   | Found a runed translucent gate.
 28927 | Lair:4   | Found a runed translucent gate.
 28927 | Lair:4   | Found a runed translucent gate.
 28956 | Lair:4   | Found a frozen archway.
 28981 | IceCv    | Entered an ice cave
 29731 | IceCv    | Received a gift from Trog
 30687 | Lair:4   | Noticed Nyzic's ghost (journeyman TrMo)
 31359 | Lair:4   | Found a staircase to the Shoals.
 31834 | Lair:4   | Received a gift from Trog
 31855 | Lair:4   | Killed Nyzic's ghost
 33113 | Lair:6   | Entered Level 6 of the Lair of Beasts
 33147 | Lair:6   | Reached skill level 23 in Axes
 33636 | Lair:6   | Found a staircase to the Slime Pits.
 33637 | Lair:6   | Found a viscous altar of Jiyva.
 33764 | Lair:6   | Reached ****** piety under Trog
 34237 | Lair:6   | Found a large runed translucent door.
 34237 | Lair:6   | Found a large runed translucent door.
 34672 | Lair:6   | Identified the +13 executioner's axe "Tuaxeref" {vorpal,
                  | rPois rN+} (Trog gifted it to you on level 6 of the Lair of
                  | Beasts)
 34672 | Lair:6   | Received a gift from Trog
 34696 | Lair:6   | Identified the +6 executioner's axe of Billi {elec, rPois}
 34917 | Orc:1    | Entered Level 1 of the Orcish Mines
 35290 | Orc:2    | Entered Level 2 of the Orcish Mines
 35415 | Orc:2    | Found a runed translucent gate.
 35415 | Orc:2    | Found a runed translucent gate.
 35415 | Orc:2    | Found a runed translucent gate.
 35424 | Orc:2    | Identified the +7 morningstar of Crawling {vorpal, Int+4}
 35425 | Orc:2    | Noticed selky's ghost (novice DDFi)
 35463 | Orc:2    | Noticed Urug
 35469 | Orc:2    | Killed Urug
 35753 | Orc:2    | Found a staircase to the Elven Halls.
 35927 | Orc:1    | Reached skill level 1 in Evocations
 35940 | Orc:1    | Reached XP level 16. HP: 140/156 MP: 15/15
 36327 | Orc:2    | Found Feraser's Magic Scroll Emporium.
 36337 | Orc:2    | Paralysed by an orc sorcerer for 3 turns
 36985 | Orc:2    | Received a gift from Trog
 37049 | Orc:2    | Found Noabuh's Weapon Emporium.
 37055 | Orc:2    | Found Nieteq's General Store.
 37055 | Orc:2    | Found Wucruuxt's Antique Armour Boutique.
 37341 | Orc:2    | Bought a scroll of fear for 56 gold pieces
 37341 | Orc:2    | Bought 3 scrolls of identify for 96 gold pieces
 37341 | Orc:2    | Bought a scroll of teleportation for 48 gold pieces
 37510 | Orc:2    | Found an iron altar of Okawaru.
 37516 | Orc:2    | Identified a scroll of acquirement
 37523 | Orc:2    | Killed selky's ghost
 38025 | Spider:1 | Entered Level 1 of the Spider Nest
 38041 | Spider:1 | Reached skill level 24 in Axes
 38158 | Spider:1 | Noticed Kirke
 38171 | Spider:1 | Slain by a hog

Illustrated notes

Levels and vault maps discovered:
D:1:      sevenhm_arrival_forest_fort_small_3, layout_basic,
          ebering_ecumenical_altar_hall, serial_shops,
          nicolae_shop_overgrown_old_shop, nicolae_square_shop,
          nicolae_shop_behind_doors
D:2:      layout_basic, basic_altar, uniq_terence
D:3:      layout_basic, mainiacjoe_overflow_chevrons, gammafunk_ghost_stat_death
D:4:      layout_basic, minmay_pentangle
D:5:      layout_loops_corners, kennysheep_mini_moat, slow_altar_1,
          lemuel_round_altar
D:6:      layout_loops_ring, minmay_temple_entry_antechambers,
          minmay_checkerbox, uniq_grinder
D:7:      layout_basic, nicolae_qazlal_general_emergency,
          nicolae_ossuary_entry_ruins, nicolae_fountain_basement
D:8:      layout_loops_ring
D:9:      layout_cave_pools, nicolae_overflow_crystal_walls
D:10:     layout_rooms, serial_ice, serial_ice_i, serial_ice_c, serial_ice_g,
          serial_ice_h, serial_ice_b, serial_ice_o, serial_ice_m, special_room
          [special_room_orc]
D:11:     minmay_distorted_concentric_squares, layout_loops_ring,
          dpeg_lair_monsters, hiddenorc2_lemuel, uniq_snorg
D:12:     hangedman_screamer, layout_irregular_city,
          nicolae_trove_entry_crossroad, gammafunk_ghost_grave,
          nicolae_tso_carved_into_rock
D:13:     layout_roguey, david_vaults_4
D:14:     lemuel_ogre_cave, layout_loops_ring, uniq_nessos
D:15:     gammafunk_enter_depths_forms, layout_basic,
          nemelex_lonely_heart_becter
Lair:1:   layout_regular_city, serial_bayou_shore_b, grunt_megastairs_1,
          serial_bayou_shore_b
Lair:2:   layout_roguey [special_room_bee], special_room, gauntlet_entry_generic
Lair:3:   layout_loops_ring, spider_nest_entry_a
Lair:4:   layout_roguey, elwin_shoals_entry_stream, gammafunk_ghost_icy,
          portal_ice_cave_entry_ice_simulacra
Lair:5:   layout_roguey
Lair:6:   cheibrodos_lair_end_hotspot, layout_loops_ring, slime_altar_1
Spider:1: layout_chambers, beargit_elvish_explorers, uniq_jorgrun, uniq_kirke
Orc:1:    layout_caves
Orc:2:    st_orc_elflike, layout_caves, gammafunk_ghost_fury_of_okawaru,
          hellmonk_bongcloud_opening, uniq_urug

Skill      XL: |  1  2  3  4  5  6  7  8  9 10 11 12 13 14 15 16 |
---------------+-------------------------------------------------+-----
Fighting       | 4 5 6 7 8 10 11 13 14 16 17 18 | 18.0
Axes           | 4 5 6 7 9 11 12 14 16 18 19 21 23 24 | 24.0
Armour         | 3 4 5 6 8 10 12 13 15 17 | 17.3
Dodging        | 3 4 |  4.1
Stealth        | 1 2 |  2.6
Evocations     | 1 |  1.4
Throwing       | |  0.8

Action                   |  1- 3 |  4- 6 |  7- 9 | 10-12 | 13-15 | 16-18 || total
-------------------------+-------+-------+-------+-------+-------+-------++-------
Melee: Hand axe          |    57 |    94 |       |       |       |       ||   151
       Headbutt          |     5 |    15 |    53 |   139 |   174 |    13 ||   399
       Punch             |       |     1 |     8 |     7 |       |       ||    16
       War axe           |       |    27 |   257 |   341 |       |       ||   625
       Battleaxe         |       |       |       |   162 |     3 |       ||   165
       Executioner's axe |       |       |       |    23 |   756 |    88 ||   867
       Unarmed           |       |       |       |       |       |     4 ||     4
Throw: Throwing net      |       |       |       |       |     5 |       ||     5
Invok: Berserk           |     1 |     2 |     6 |    13 |    16 |     3 ||    41
Evoke: Wand              |       |       |       |       |    13 |    10 ||    23
  Use: Scroll            |       |     3 |     9 |     8 |    16 |     4 ||    40
       Potion            |       |       |       |     6 |     1 |     4 ||    11
Armor: Animal skin       |     6 |       |       |       |       |       ||     6
       Chain mail        |    25 |    83 |    27 |       |       |       ||   135
       Leather armour    |     5 |       |       |       |       |       ||     5
       Plate armour      |       |       |    89 |   358 |   457 |    32 ||   936
Dodge: Dodged            |    35 |    42 |    97 |   270 |   362 |    75 ||   881
       Repelled          |       |       |       |       |     4 |     2 ||     6
